 Dungeon Crawl Stone Soup version 0.24.0-125-gc4c63601f3 (webtiles) character file.

Game seed: 10220873758654858072, levelgen mode: deterministic

21350 Frank2 the Basher (level 12, -1/94 HPs)
             Began as a Demonspawn Gladiator on Mar 13, 2020.
             Was a High Priest of Makhleb.
             Slain by a five-headed hydra (2 damage)
             ... on level 4 of the Lair of Beasts.
             The game lasted 00:19:48 (11175 turns).

Frank2 the Basher (Demonspawn Gladiator)           Turns: 11175, Time: 00:19:51

Health: -1/94      AC: 15    Str: 15    XL:     12   Next: 53%
Magic:  19/19      EV: 14    Int: 10    God:    Makhleb [*****.]
Gold:   734        SH:  0    Dex: 19    Spells: 11/11 levels left

rFire    + . .     SeeInvis .   a - +0 flail (flame)
rCold    + + .     Gourm    .   (no shield)
rNeg     . . .     Faith    .   u - +1 scale mail {rF+}
rPois    .         Spirit   .   c - +2 helmet
rElec    .         Reflect  .   q - +1 cloak
rCorr    .         Harm     .   (no gloves)
MR       .....                  (boots unavailable)
Stlth    +.........             (no amulet)
HPRegen  0.25/turn              l - ring of stealth
MPRegen  0.16/turn              h - ring of protection from cold

@: no status effects
A: talons 3, cold resistance 1, spiny 1, augmentation 1, freezing cloud immunity
a: Minor Destruction, Lesser Servant of Makhleb, Major Destruction, Greater
Servant of Makhleb, Renounce Religion


You were on level 4 of the Lair of Beasts.
You worshipped Makhleb.
Makhleb was extremely pleased with you.
You were very hungry.

You visited 3 branches of the dungeon, and saw 15 of its levels.
You also visited: Ossuary.

You collected 1049 gold pieces.
You spent 315 gold pieces at shops.

Inventory:

Hand Weapons
 a - a +0 flail of flaming (weapon)
 j - a +0 great mace
 k - a +3 mace of crushing
 x - a +0 dire flail
Missiles
 D - a throwing net (quivered)
Armour
 c - a +2 helmet (worn)
 q - a +1 cloak (worn)
 u - a +1 scale mail of fire resistance (worn)
Jewellery
 h - a ring of protection from cold (right hand)
 l - a ring of stealth (left hand)
Wands
 n - a wand of enslavement (9)
 p - a wand of disintegration (9)
 y - a wand of iceblast (6)
 E - a wand of random effects (20)
 G - a wand of acid (8)
 H - a wand of scattershot (6)
Scrolls
 d - 2 scrolls of fog
 e - 9 scrolls of teleportation
 m - a scroll of magic mapping
 v - 5 scrolls of remove curse
 C - 4 scrolls of identify
Potions
 b - 2 potions of flight
 g - a potion of haste
 i - 5 potions of curing
 o - a potion of invisibility
 r - a potion of heal wounds
 s - 3 potions of agility
 t - 6 potions of lignification
 w - 3 potions of mutation
 z - 3 potions of brilliance
 A - a potion of degeneration
 B - a potion of ambrosia
Comestibles
 f - 20 rations


   Skills:
 + Level 8.8 Fighting
 + Level 11.3 Maces & Flails
 - Level 1.7 Throwing
 + Level 8.5 Armour
 + Level 7.4 Dodging
 * Level 9.7 Invocations
 * Level 7.4 Evocations


You had 11 spell levels left.
You didn't know any spells.
Your spell library contained the following spells:

 Spells                   Type           Power        Failure   Level  Hunger
 Corona                   Hex            #......      77%         1    ##.....
 Summon Small Mammal      Summ           #...         77%         1    ##.....
 Call Imp                 Summ           #.......     88%         2    ###....
 Ensorcelled Hibernation  Hex/Ice        #.....       88%         2    ###....
 Call Canine Familiar     Summ           #.......     98%         3    ####...
 Confuse                  Hex            #.......     98%         3    ####...
 Dazzling Spray           Conj/Hex       #.....       98%         3    ####...
 Summon Guardian Golem    Hex/Summ       #.......     98%         3    ####...
 Tukima's Dance           Hex            #.......     98%         3    ####...
 Summon Ice Beast         Ice/Summ       #.......     100%        4    #####..
 Summon Lightning Spire   Summ/Air       #.......     100%        4    #####..


Dungeon Overview and Level Annotations

Branches:
Dungeon (10/15)            Temple (1/1) D:5            Lair (4/6) D:9
  Swamp (0/4) Lair:4        Snake (0/4) Lair:2          Orc (0/2) D:9
Ossuary (visited)

Altars:
Ashenzari
Cheibriados
Elyvilon
Fedhas
Gozag
Hepliaklqana
Kikubaaqudgha
Makhleb
Nemelex Xobeh
Okawaru
Qazlal
Ru
Sif Muna
Trog
Uskayaw
Vehumet
Wu Jian
Xom
Yredelemnul
Beogh

Shops:
D:9 =!(

Annotations:
D:10 Fannar, Nergalle
Lair:2 3 runed translucent doors, Trobe's ghost, journeyman HOFi
Lair:3 exclusion: oklob plant
Lair:4 4 runed translucent doors, Kuerar's ghost, journeyman BaFi


Innate Abilities, Weirdness & Mutations

You have claws for feet.
Your flesh is cold resistant. (rC+)
You are partially covered in sharp spines.
Your magical and physical power is slightly enhanced at high health.
You are immune to freezing clouds.


Message History

The seven-headed hydra bites you!
* * * LOW HITPOINT WARNING * * *
The seven-headed hydra bites you but does no damage.
You are too injured to fight recklessly!
Unknown command.
You are too injured to fight recklessly!
The five-headed hydra bites you.
* * * LOW HITPOINT WARNING * * *
The five-headed hydra barely misses you.
The five-headed hydra bites you!
* * * LOW HITPOINT WARNING * * *
The five-headed hydra misses you. The five-headed hydra bites you.
* * * LOW HITPOINT WARNING * * *
The swamp worm throws harpoon shot at you.
The harpoon shot hits you!
* * * LOW HITPOINT WARNING * * *
You are yanked forward by the harpoon shot.
The five-headed hydra bites you but does no damage.
The five-headed hydra bites you.
You die...

#...♣♣♣..♣♣♣♣♣♣♣#.....# #....P
#...♣♣...≈≈≈≈≈≈♣###..## #.....
##..#♣♣≈≈≈≈≈≈≈≈♣ ##..###.....
##...♣ ♣♣≈≈§≈≈≈≈♣♣###..##......
#....# ♣...≈≈≈≈♣♣..............
###..♣ ♣♣.§§♣♣♣♣...............
#...♣ ♣♣..§§§♣♣..............
##..♣> ♣♣♣♣§§♣♣♣.............
#...♣♣≈w ♣D@♣♣..............
#...♣♣♣§..♣♣♣Dw♣♣.............
##...♣§§§§≈≈≈..♣..............
###..♣♣§§§≈§§≈≈≈♣..............
#.....♣♣§.≈≈§§§♣♣.###.##.......
##..#♣♣§..♣♣§§.♣♣## #####......
##.# ♣.. §§§♣♣# #######......
##.# ♣♣♣ §§♣♣♣.###...#.......#
#..##♣.♣♣♣♣♣...+.......P.....#


You could see a seven-headed hydra, a five-headed hydra and a swamp worm.

Vanquished Creatures
  2 hydras (Lair:4)
  2 two-headed ogres (D:8)
  2 black mambas
  4 spiny frogs
  5 komodo dragons
  2 trolls (D:9)
  A tyrant leech (Lair:4)
  17 blink frogs
  5 hippogriffs
  18 yaks
  3 basilisks
  3 nagas (Lair:2)
  A swamp worm (Lair:4)
  5 water moccasins
  6 porcupines
  2 phantoms (D:8)
  2 sky beasts
  4 ice beasts
  A black bear (Lair:2)
  An ogre (D:5)
  9 orc warriors
  A necrophage (D:8)
  3 wolves (D:9)
  2 centaurs
  8 crocodiles
  A big kobold (D:8)
  13 bullfrogs
  3 elf zombies (Ossuary)
  A wyvern zombie (D:6)
  A scorpion (D:9)
  5 killer bees (D:9)
  A howler monkey (D:9)
  An electric eel (D:9)
  2 human zombies (Ossuary)
  2 bullfrog zombies
  A centaur zombie (D:6)
  3 crimson imps (D:7)
  8 orc priests
  A bullfrog skeleton (D:5)
  5 jellies
  12 hounds
  Crazy Yiuf (D:6)
  4 iguanas
  Ijyb (D:4)
  9 orc wizards
  6 worker ants
  A big kobold zombie (Ossuary)
  2 mummies (Ossuary)
  A gnoll (D:1)
  9 adders
  5 shadow imps
  3 oozes
  An adder skeleton (D:6)
  2 adder zombies (Ossuary)
  2 worms
  2 dart slugs
  10 leopard geckos
  52 orcs
  A ball python (D:4)
  8 bats
  13 giant cockroaches
  5 goblins
  7 hobgoblins
  22 jackals
  7 quokkas
  A ball python skeleton (D:6)
  7 frilled lizards
  A goblin zombie (Ossuary)
  12 hobgoblin zombies (Ossuary)
  A jackal zombie (Ossuary)
  10 kobolds
  8 kobold zombies (Ossuary)
  7 orc zombies (Ossuary)
  A quokka skeleton (D:5)
  A quokka zombie (D:8)
  10 rats
  A rat zombie (D:8)
403 creatures vanquished.

Vanquished Creatures (others)
  3 plants
3 creatures vanquished.

Grand Total: 406 creatures vanquished

Notes
Turn   | Place    | Note
-------+----------+-------------------------------------------
     0 | D:1      | Frank2 the Demonspawn Gladiator began the quest for the
                  | Orb.
     0 | D:1      | Reached XP level 1. HP: 16/16 MP: 1/1
    78 | D:1      | Gained mutation: You have sharp toenails. [demonic
                  | ancestry]
    78 | D:1      | Reached XP level 2. HP: 15/22 MP: 2/2
   255 | D:1      | Reached skill level 3 in Maces & Flails
   420 | D:1      | Gained mutation: You have razor-sharp toenails. [demonic
                  | ancestry]
   420 | D:1      | Reached XP level 3. HP: 15/27 MP: 3/3
   829 | D:2      | Reached XP level 4. HP: 25/34 MP: 4/4
   950 | D:2      | Reached skill level 1 in Armour
   997 | D:2      | Found a white marble altar of Elyvilon.
  1295 | D:2      | Reached skill level 5 in Fighting
  1295 | D:2      | Reached skill level 5 in Maces & Flails
  1295 | D:2      | Reached skill level 5 in Dodging
  1295 | D:2      | Reached skill level 5 in Invocations
  1295 | D:2      | Gained mutation: Your flesh is cold resistant. (rC+)
                  | [demonic ancestry]
  1295 | D:2      | Reached XP level 5. HP: 44/44 MP: 4/9
  1578 | D:3      | Found a shattered altar of Ashenzari.
  1798 | D:3      | Gained mutation: You are partially covered in sharp spines.
                  | [demonic ancestry]
  1798 | D:3      | Reached XP level 6. HP: 50/51 MP: 10/10
  1808 | D:3      | Found a faded altar of an unknown god.
  1847 | D:3      | Found a hide-covered altar of Uskayaw.
  2154 | D:4      | Noticed Ijyb
  2211 | D:4      | Killed Ijyb
  2233 | D:4      | Found a snail-covered altar of Cheibriados.
  2398 | D:4      | Reached skill level 6 in Maces & Flails
  2826 | D:5      | Entered Level 5 of the Dungeon
  2899 | D:5      | Noticed an ice beast
  2910 | D:5      | Killed an ice beast
  2910 | D:5      | Gained mutation: You are immune to freezing clouds.
                  | [demonic ancestry]
  2910 | D:5      | Reached XP level 7. HP: 46/56 MP: 11/11
  3442 | D:5      | Found a staircase to the Ecumenical Temple.
  3466 | D:5      | Gained mutation: Your magical and physical power is
                  | slightly enhanced at high health. [demonic ancestry]
  3466 | D:5      | Reached XP level 8. HP: 63/63 MP: 12/12
  3469 | D:5      | Found a shimmering altar of Xom.
  3631 | Temple   | Entered the Ecumenical Temple
  3635 | Temple   | Became a worshipper of Makhleb the Destroyer
  3762 | D:6      | Reached skill level 7 in Maces & Flails
  3762 | D:6      | Reached skill level 5 in Armour
  4108 | D:6      | Found a sparkling altar of Nemelex Xobeh.
  4350 | D:6      | Found a runed translucent door.
  4528 | D:6      | Found a runed translucent door.
  4529 | D:6      | Noticed Crazy Yiuf
  4611 | D:6      | Killed Crazy Yiuf
  4699 | D:6      | Reached * piety under Makhleb
  4710 | D:6      | Reached XP level 9. HP: 18/69 MP: 13/13
  4881 | D:6      | Found a roughly hewn altar of Beogh.
  5129 | D:7      | Found an ancient bone altar of Kikubaaqudgha.
  5134 | D:7      | Reached ** piety under Makhleb
  5140 | D:7      | Reached skill level 8 in Maces & Flails
  5520 | D:7      | Found a radiant altar of Vehumet.
  5742 | D:8      | Found a sand-covered staircase.
  5760 | Ossuary  | Entered an ossuary
  5874 | Ossuary  | Reached *** piety under Makhleb
  6069 | D:8      | Noticed a two-headed ogre
  6076 | D:8      | Killed a two-headed ogre
  6076 | D:8      | Gained mutation: You have claws for feet. [demonic
                  | ancestry]
  6076 | D:8      | Reached XP level 10. HP: 77/77 MP: 14/14
  6224 | D:8      | Found a blossoming altar of Fedhas.
  6265 | D:8      | Reached skill level 9 in Maces & Flails
  6476 | D:8      | Noticed a two-headed ogre
  6488 | D:8      | Killed a two-headed ogre
  6611 | D:9      | Reached **** piety under Makhleb
  6627 | D:9      | Found Wupiliov's Distillery.
  6637 | D:9      | Bought a potion of mutation for 120 gold pieces
  6637 | D:9      | Bought a potion of mutation for 120 gold pieces
  6637 | D:9      | Bought a potion of heal wounds for 75 gold pieces
  6659 | D:9      | Found a staircase to the Orcish Mines.
  6668 | D:9      | Found Xumneff's Weapon Emporium.
  6686 | D:9      | HP: 3/77 [orc warrior/+1 scimitar of flaming (3)]
  6976 | D:9      | Reached skill level 5 in Evocations
  7040 | D:9      | Found a staircase to the Lair.
  7199 | D:9      | Found an opulent altar of Gozag.
  7240 | D:9      | Found Irusel's Jewellery Shop.
  7533 | D:10     | Entered Level 10 of the Dungeon
  7588 | D:10     | Noticed Nergalle
  7590 | D:10     | Noticed Fannar
  7642 | Lair:1   | Entered Level 1 of the Lair of Beasts
  7680 | Lair:1   | Reached XP level 11. HP: 84/84 MP: 16/16
  7805 | Lair:1   | Reached skill level 10 in Maces & Flails
  8600 | Lair:2   | Found a runed translucent gate.
  8600 | Lair:2   | Found a runed translucent gate.
  8600 | Lair:2   | Found a runed translucent gate.
  8601 | Lair:2   | Noticed a ten-headed hydra
  8601 | Lair:2   | Noticed Trobe's ghost (journeyman HOFi)
  8601 | Lair:2   | Noticed an 11-headed hydra
  8837 | Lair:2   | Found a staircase to the Snake Pit.
  9233 | Lair:2   | Reached ***** piety under Makhleb
  9497 | Lair:3   | Noticed an oklob plant
  9498 | Lair:3   | Found the +7 Kryia's mail coat {PotionHeal*2 rC+}
  9718 | Lair:3   | Reached XP level 12. HP: 92/92 MP: 18/18
  9815 | Lair:3   | Reached skill level 11 in Maces & Flails
 10089 | Lair:4   | Noticed a minotaur
 10091 | Lair:4   | Noticed Kuerar's ghost (journeyman BaFi)
 10363 | Lair:4   | Found a runed translucent door.
 10553 | Lair:4   | Found a runed translucent gate.
 10553 | Lair:4   | Found a runed translucent gate.
 10553 | Lair:4   | Found a runed translucent gate.
 10559 | Lair:4   | Noticed a five-headed hydra
 10565 | Lair:4   | Killed a five-headed hydra
 10651 | Lair:4   | Noticed an eight-headed hydra
 10656 | Lair:4   | Killed an eight-headed hydra
 11165 | Lair:4   | Found a staircase to the Swamp.
 11165 | Lair:4   | Noticed a seven-headed hydra
 11165 | Lair:4   | Noticed a five-headed hydra
 11175 | Lair:4   | HP: 1/94 [swamp worm/harpoon shot (12)]
 11175 | Lair:4   | Slain by a five-headed hydra

Levels and vault maps discovered:
D:1:      dpeg_arrival_erosion, layout_basic
D:2:      layout_loops_ring, nicolae_overflow_crystal_walls
D:3:      wander_river, layout_loops_cross, nicolae_overflow_hidden_temple,
          nicolae_ashenzari_panopticon, chequers_ecumenical_altar_simple,
          first_ration, minmay_misc_feat_x
D:4:      layout_loops_ring, kennysheep_slug_shrine, uniq_ijyb
D:5:      layout_rooms, old_standard_altar, minmay_temple_entry_junction,
          kennysheep_generic_room_4
D:6:      layout_loops_ring, nemelex_xobeh_ov_fountains_minmay,
          lightli_church_of_beogh, uniq_crazy_yiuf_cottage
D:7:      layout_basic, kiku_gazebo_garden_becter, marbit_many_paths
D:8:      layout_basic, fedhas_altar_4, enter_ossuary_4
D:9:      layout_irregular_city, kennysheep_mini_moat, erik_lair_island,
          orc_david_3, serial_shops, nicolae_shop_stone, nicolae_shop_stone
D:10:     layout_cave_pools, david_nohive_1, uniq_fannar, uniq_nergalle
Temple:   nicolae_temple_x_marks_the_god
Lair:1:   layout_roguey
Lair:2:   layout_regular_city, minmay_snake_entry_guardpost_small,
          gammafunk_ghost_hydra_chop, grunt_megastairs_4
Lair:3:   layout_cave_shapes, grunt_megastairs_5, minmay_lair_oklob_chamber
Lair:4:   layout_regular_city, palyth_hydra_swamp_entry,
          maelrawn_ghost_gauntlet_escape, pf_torpor_hydra, serial_bayou_shore_b,
          infiniplex_staircase_pool_2

Skill      XL: |  1  2  3  4  5  6  7  8  9 10 11 12 |
---------------+-------------------------------------+-----
Dodging        | 3 5 6 7 |  7.4
Maces & Flails | 3 5 6 7 8 9 10 11 | 11.3
Armour         | 4 5 6 7 8 |  8.5
Fighting       | 5 6 7 8 |  8.8
Invocations    | 5 7 8 9 |  9.7
Evocations     | 4 5 6 7 |  7.4
Throwing       | |  1.7

Action                   |  1- 3 |  4- 6 |  7- 9 | 10-12 || total
-------------------------+-------+-------+-------+-------++-------
Melee: Flail             |   107 |   167 |   104 |   499 ||   877
       Kick              |    15 |    36 |    98 |   174 ||   323
       Unarmed           |       |    41 |       |       ||    41
       Mace              |       |       |   193 |       ||   193
Throw: Throwing net      |       |       |     3 |     2 ||     5
  Use: Scroll            |       |     5 |    23 |     4 ||    32
       Potion            |       |     2 |     4 |     4 ||    10
 Stab: Held in net/web   |       |       |     1 |     2 ||     3
       Sleeping          |       |       |       |     1 ||     1
       Distracted        |       |       |       |     1 ||     1
  Eat: Chunk             |       |     6 |     8 |    12 ||    26
       Ration            |       |       |     1 |     1 ||     2
Armor: Leather armour    |    33 |       |       |       ||    33
       Ring mail         |     5 |    58 |       |       ||    63
       Scale mail        |       |     3 |    78 |   177 ||   258
Dodge: Dodged            |    98 |   129 |   149 |   302 ||   678
